 Dungeon Crawl Stone Soup version 0.22.0 (webtiles) character file.

138 Jannitor the Skirmisher (level 5, -2/47 HPs)
             Began as a Hill Orc Fighter on Aug 11, 2018.
             Was an Initiate of the Shining One.
             Slain by an ogre
             ... wielding a cursed -1 giant club
              (24 damage)
             ... on level 4 of the Dungeon.
             The game lasted 00:02:45 (3549 turns).

Jannitor the Skirmisher (Hill Orc Fighter)          Turns: 3549, Time: 00:02:45

Health: -2/47      AC:  8    Str: 25    XL:     5   Next: 21%
Magic:  5/5        EV:  7    Int:  8    God:    the Shining One [......]
Gold:   120        SH: 10    Dex: 10    Spells: 4/4 levels left

rFire    . . .     SeeInvis .   a - +0 war axe
rCold    . . .     Gourm    .   c - +0 shield
rNeg     . . .     Faith    .   b - +0 scale mail
rPois    .         Spirit   .   q - +1 hat
rElec    .         Reflect  .   (no cloak)
rCorr    .         Harm     .   (no gloves)
MR       .....                  (no boots)
Stlth    ..........             (no amulet)
HPRegen  0.15/turn              n - ring of wizardry
MPRegen  0.09/turn              (no ring)

@: mighty, glowing
A: no striking features
a: Renounce Religion


You were on level 4 of the Dungeon.
You worshipped the Shining One.
The Shining One was noncommittal.
You were hungry.

You visited 1 branch of the dungeon, and saw 4 of its levels.

You collected 120 gold pieces.

Inventory:

Hand Weapons
 a - a +0 war axe (weapon)
Armour
 b - a +0 scale mail (worn)
 c - a +0 shield (worn)
 q - a +1 hat (worn)
Jewellery
 n - a ring of wizardry (left hand)
 o - an uncursed amulet of regeneration {unknown}
Scrolls
 e - 2 scrolls of enchant armour {unknown}
 h - a scroll of teleportation {unknown}
 i - 3 scrolls of remove curse {unknown}
 j - 3 scrolls of identify {unknown}
 m - a scroll of fog {unknown}
Potions
 d - a potion of might
 g - a potion of curing
 k - a potion of heal wounds {unknown}
 l - a potion of resistance {unknown}
 p - a potion of lignification {unknown}
Comestibles
 f - 7 rations


   Skills:
 + Level 4.6 Fighting
 + Level 4.1 Axes
 + Level 4.2 Armour
 + Level 4.2 Shields


You had 4 spell levels left.
You didn't know any spells.
Your spell library was empty.

Dungeon Overview and Level Annotations

Branches:
Dungeon (4/15)
 Temple: D:4-7

Altars:
Ashenzari
Fedhas
The Shining One

Annotations:
D:3 1 runed door, Randomaniac's ghost, amateur DrAE


Message History

You destroy the leopard gecko skeleton!
The Shining One accepts your kill.
No target in view!
You are feeling hungry.
An ogre comes into view. It is wielding a giant club.
The ogre shouts!
An ogre is nearby!
You feel very mighty all of a sudden.
You barely miss the ogre. The ogre hits you with a giant club!
You slash the ogre!
The ogre is moderately wounded.
The ogre hits you with a giant club!
You slash the ogre!
The ogre is severely wounded.
The ogre hits you but does no damage.
You hit the ogre.
The ogre is almost dead.
The ogre hits you with a giant club!!
Ouch! That really hurt!
You die...

.##..#..#
#.#.#.##############
.##.._..#
#.#.#........(......
.##..#..#
#.#.################
.#...#..# #.#.# #
.#..###.######...# #
....###......###.#
###.###..###.###.#
#......# #.....#
######## #####@# #O#
#.# #.# #.# #.# #.#
#..


You could see an ogre.

Vanquished Creatures
  An iguana (D:4)
  A worker ant (D:4)
  3 adders (D:2)
  2 worms
  3 dart slugs (D:1)
  A leopard gecko (D:1)
  2 ball pythons
  5 bats
  4 giant cockroaches
  5 goblins
  8 hobgoblins
  A jackal (D:3)
  4 frilled lizards
  5 kobolds
  A leopard gecko skeleton (D:4)
  A quokka skeleton (D:4)
  7 rats
54 creatures vanquished.

Notes
Turn   | Place    | Note
-------+----------+-------------------------------------------
     0 | D:1      | Jannitor the Hill Orc Fighter began the quest for the Orb.
     0 | D:1      | Reached XP level 1. HP: 19/19 MP: 1/1
    42 | D:1      | Reached XP level 2. HP: 27/27 MP: 2/2
   355 | D:1      | Reached XP level 3. HP: 33/33 MP: 3/3
  1391 | D:2      | Reached XP level 4. HP: 41/41 MP: 4/4
  1990 | D:3      | Found a blossoming altar of Fedhas.
  2129 | D:3      | Found a runed door.
  2239 | D:3      | Noticed a bullfrog
  2240 | D:3      | Noticed Randomaniac's ghost (amateur DrAE)
  2693 | D:3      | Found a glowing golden altar of the Shining One.
  2975 | D:3      | Became a worshipper of the Shining One
  3141 | D:4      | Reached XP level 5. HP: 11/47 MP: 5/5
  3506 | D:4      | Found a shattered altar of Ashenzari.
  3543 | D:4      | Noticed an ogre
  3549 | D:4      | Slain by an ogre

Skill      XL: |  1  2  3  4 |
---------------+-------------+-----
Axes           | 3 4 |  4.1
Fighting       | 4 |  4.6
Shields        | 4 |  4.2
Armour         | 4 |  4.2

Action                   |  1- 3 |  4- 6 || total
-------------------------+-------+-------++-------
Melee: War axe           |   107 |    89 ||   196
  Use: Potion            |     1 |     2 ||     3
  Eat: Chunk             |     2 |     6 ||     8
Armor: Scale mail        |    41 |    35 ||    76
Dodge: Dodged            |    44 |    23 ||    67
Block: Shield            |    61 |    35 ||    96
